 Dungeon Crawl Stone Soup version 0.20.2-3-g29329e0561 (webtiles) character file.

104 Alfie the Shield-Bearer (level 4, -3/40 HPs)
             Began as a Hill Orc Fighter on Dec 18, 2023.
             Slain by zaRGo's ghost (8 damage)
             ... on level 3 of the Dungeon.
             The game lasted 00:04:54 (1946 turns).

Alfie the Shield-Bearer (Hill Orc Fighter)          Turns: 1946, Time: 00:04:55

Health: -3/40      AC:  8    Str: 24    XL:     4   Next: 80%
Magic:  4/4        EV: 11    Int:  8    God:
Gold:   110        SH: 10    Dex: 10    Spells: 3/3 levels left

rFire    . . .     SeeInvis .   a - +0 rapier
rCold    . . .     Gourm    .   c - +0 shield
rNeg     . . .     Faith    .   b - +0 scale mail
rPois    .         Spirit   .   (no helmet)
rElec    .         Reflect  .   (no cloak)
rCorr    .         Harm     .   l - +0 pair of gloves {archery}
MR       .....                  (no boots)
Stlth    ..........             (no amulet)
Regen    0.2/turn               i - +4 ring of evasion
MPRegen  0.1/turn               (no ring)

@: mighty
A: no striking features
a: no special abilities


You were on level 3 of the Dungeon.
You were not hungry.

You visited 1 branch of the dungeon, and saw 3 of its levels.

You collected 110 gold pieces.

Inventory:

Hand Weapons
 a - a +0 rapier (weapon)
Armour
 b - a +0 scale mail (worn)
 c - a +0 shield (worn)
 l - a +0 pair of gloves of archery (worn)
Jewellery
 i - a +4 ring of evasion (left hand)
Scrolls
 g - 2 scrolls of teleportation {unknown}
 j - 3 scrolls of recharging
 q - a scroll of noise {unknown}
Potions
 e - 4 potions of curing {unknown}
 h - a potion of agility {unknown}
 n - a potion of heal wounds {unknown}
 o - a potion of ambrosia {unknown}
 p - a potion of magic {unknown}
 r - a potion of mutation {unknown}
Comestibles
 f - a bread ration
 k - a royal jelly
 m - a meat ration
 s - 3 fruits


   Skills:
 + Level 4.2 Fighting
 + Level 2.9 Short Blades
 + Level 3.8 Armour
 + Level 0.2 Dodging
 + Level 4.3 Shields


You had 3 spell levels left.
You didn't know any spells.

Dungeon Overview and Level Annotations

Branches:
Dungeon (3/15)

Altars:
Ashenzari
Dithmenos
Hepliaklqana
Kikubaaqudgha
Ru
Trog
Vehumet
Xom

Annotations:
D:3 zaRGo's ghost, amateur MiFi


Message History

ZaRGo's ghost is severely damaged.
ZaRGo's ghost hits you.
You completely miss zaRGo's ghost.
ZaRGo's ghost is severely damaged.
ZaRGo's ghost hits you but does no damage.
Your shield and scale mail prevent you from hitting zaRGo's ghost.
ZaRGo's ghost is severely damaged.
ZaRGo's ghost hits you!
* * * LOW HITPOINT WARNING * * *
You puncture zaRGo's ghost!
ZaRGo's ghost is almost destroyed.
You block zaRGo's ghost's attack.
You completely miss zaRGo's ghost.
ZaRGo's ghost is almost destroyed.
ZaRGo's ghost closely misses you. ZaRGo's ghost hits you.
* * * LOW HITPOINT WARNING * * *
You hit zaRGo's ghost.
ZaRGo's ghost is almost destroyed.
ZaRGo's ghost hits you!
You die...

#........ #.#
#........ #.####
#.#....## #....#
#.#....# #....#
#.#.W..#
###....####.#.####
#<........#.#.#####
#...........>......
#.@W..........####.
####...#.##........
#...............
#....###...#####.
#.#.## #...#####.
#.#.# ##........
#.#.# #........
#.#.# # #..#####.
...........


You could see zaRGo's ghost.

Vanquished Creatures
  Natasha (D:3)
  An adder (D:3)
  An ooze (D:1)
  A worm (D:2)
  4 leopard geckos
  An orc (D:3)
  A ball python (D:3)
  8 bats
  5 goblins
  5 hobgoblins
  4 jackals (D:1)
  9 kobolds
  3 quokkas (D:2)
  4 frilled lizards
  4 rats
52 creatures vanquished.

Vanquished Creatures (others)
  A rat (D:1)
1 creature vanquished.

Grand Total: 53 creatures vanquished

Notes
Turn   | Place    | Note
-------+----------+-------------------------------------------
     0 | D:1      | Alfie the Hill Orc Fighter began the quest for the Orb.
     0 | D:1      | Reached XP level 1. HP: 19/19 MP: 1/1
   112 | D:1      | Reached XP level 2. HP: 25/27 MP: 2/2
   484 | D:1      | Reached XP level 3. HP: 26/33 MP: 3/3
   935 | D:2      | Found a radiant altar of Vehumet.
  1271 | D:2      | Found a shadowy altar of Dithmenos.
  1465 | D:3      | Reached XP level 4. HP: 40/40 MP: 4/4
  1624 | D:3      | Found a shattered altar of Ashenzari.
  1719 | D:3      | Found a sacrificial altar of Ru.
  1778 | D:3      | Found a bloodstained altar of Trog.
  1855 | D:3      | Found a hazy altar of Hepliaklqana.
  1856 | D:3      | Found an ancient bone altar of Kikubaaqudgha.
  1856 | D:3      | Found a shimmering altar of Xom.
  1904 | D:3      | Noticed Natasha
  1915 | D:3      | Killed Natasha
  1916 | D:3      | Noticed zaRGo's ghost (amateur MiFi)
  1946 | D:3      | Slain by zaRGo's ghost

Skill      XL: |  1  2  3 |
---------------+----------+-----
Shields        | 4 |  4.3
Fighting       | 4 |  4.2
Short Blades   | |  2.9
Armour         | |  3.8
Dodging        | |  0.2

Action                   |  1- 3 |  4- 6 || total
-------------------------+-------+-------++-------
Melee: Rapier            |   165 |    80 ||   245
  Use: Scroll            |     1 |     1 ||     2
       Potion            |       |     1 ||     1
  Eat: Fruit             |     2 |     1 ||     3
       Royal jelly       |       |     1 ||     1
Armor: Scale mail        |    54 |    23 ||    77
Dodge: Dodged            |    73 |    35 ||   108
Block: Shield            |    78 |    32 ||   110
